 Dungeon Crawl Stone Soup version 0.31-a0-1009-g454b1f1e0a (webtiles) character file.

Game seed: 10881031481433050665

116 ChronoRanger the Shield-Bearer (level 4, -4/41 HPs)
             Began as a Minotaur Fighter on Nov 15, 2023.
             Killed from afar by an orc wizard (8 damage)
             ... with a magic dart
             ... on level 2 of the Dungeon.
             The game lasted 00:03:30 (1748 turns).

ChronoRanger the Shield-Bearer (Minotaur Fighter)   Turns: 1748, Time: 00:03:31

Health: -4/41      AC:  8    Str: 22    XL:     4   Next: 69%
Magic:  3/3        EV:  9    Int:  5    God:
Gold:   93         SH:  4    Dex: 10    Spells: 3/3 levels left

rFire   . . .        a - +0 flail
rCold   . . .        c - +0 buckler
rNeg    . . .        b - +0 scale mail
rPois   .            (helmet restricted)
rElec   .            (no cloak)
rCorr   .            l - +0 pair of gloves
SInv    .            (no boots)
Will    .....        (no amulet) Stlth
                     (no ring)
HPRegen 0.26/turn    (no ring)
MPRegen 0.08/turn

%: no passive effects
@: mighty
A: horns 2, retaliatory headbutt
a: no special abilities


You were on level 2 of the Dungeon.
You visited 1 branch of the dungeon, and saw 3 of its levels.

You collected 93 gold pieces.

Inventory:

Hand Weapons
 a - a +0 flail (weapon)
Armour
 b - a +0 scale mail (worn)
 c - a +0 buckler (worn)
 l - a +0 pair of gloves (worn)
 m - a +0 tower shield
 n - a +0 kite shield
Scrolls
 g - a scroll of amnesia {unknown}
 h - 2 scrolls of poison {unknown}
 i - a scroll of teleportation {unknown}
 j - a scroll of revelation {unknown}
 k - a scroll of vulnerability {unknown}
 o - a scroll of butterflies {unknown}
Potions
 e - a potion of haste
 f - 3 potions of curing {unknown}


   Skills:
 + Level 4.3 Fighting
 * Level 4.2 Maces & Flails
 + Level 4.3 Armour
 + Level 4.4 Shields


You had 3 spell levels left.
You didn't know any spells.
Your spell library contained the following spells:

 Spells                   Type           Power      Damage    Failure   Level
 Tukima's Dance           Hex            0%         N/A       99%         3
 Dimensional Bullseye     Hex/Tloc       0%         N/A       100%        4
 Iskenderun's Mystic Bla  Conj/Tloc      0%         2d3       100%        4


Dungeon Overview and Level Annotations

Branches:
Dungeon (3/15)

Altars:


Innate Abilities, Weirdness & Mutations

You have a pair of horns on your head.
You reflexively headbutt those who attack you in melee.


Message History

The bat barely misses you. The adder bites you but does no damage.
The orc wizard hits you but does no damage.
The orc barely misses you.
The orc priest calls down the wrath of Beogh upon you.
Beogh smites you!
* * * LOW HITPOINT WARNING * * *
The bat barely misses you. The adder bites you but does no damage.
The bat closely misses you.
The orc wizard points at you and mumbles some strange words.
You resist with some effort. The orc barely misses you.
The orc priest mumbles some strange prayers to Beogh against you.
Beogh smites you!
* * * LOW HITPOINT WARNING * * *
The adder bites you but does no damage.
In your confused state, you trip and fall back down the stairs.
* * * LOW HITPOINT WARNING * * *
You feel less confused. The bat hits you but does no damage.
The adder closely misses you.
The orc wizard hits you but does no damage.
You feel very mighty all of a sudden. The adder bites you but does no damage.
The orc wizard closely misses you. You furiously retaliate!
You headbutt the orc wizard! The orc closely misses you.
The orc priest looks satisfied for a moment.
The adder closely misses you. You furiously retaliate!
You headbutt the adder!!
You kill the adder!
The orc closely misses you. You block the orc priest's attack.
You climb upwards.
There is a stone staircase leading down, spattered with blood here.
The orc wizard casts a spell.
The orc wizard flickers and vanishes!
Deactivating autopickup; reactivate with Ctrl-A.
Things that are here:
a +0 robe; a +0 dagger; an orc corpse The orc priest attacks as it pursues you!
The orc priest completely misses you.
Items here: ))) [[.
A magic dart appears from out of thin air!
The magic dart hits you!
You die...

#.########.# #.####'###..#.
#..........# #.#.........#.
#..))......### #.#...........
#####..).........###.#.....#.....
#..........#####.................
#.####.....#{))....#.#.###.>.....
#.# #....))[>)..................
#.#####....###o......####.....#.#
............o...@................
#####..........####.#####......##
#...............# #........
#...........#.#.# #........
#...........#.#.#####...#....
#...........#.#.#............
#..........##.#.#............
#..........##.#.#............
#####.#....####.#.#....####....


You could see an orc priest and an orc.

Vanquished Creatures
  An orc wizard (D:2)
  Robin (D:2)
  2 adders
  2 worms (D:2)
  2 dart slugs
  2 orcs (D:2)
  A giant cockroach (D:2)
  3 hobgoblins
  7 kobolds
  4 quokkas
  5 ball pythons
  5 bats
  2 frilled lizards
  9 goblins (D:2)
  5 rats
51 creatures vanquished.

Notes
Turn   | Place    | Note
-------+----------+-------------------------------------------
     0 | D:1      | ChronoRanger the Minotaur Fighter began the quest for the
                  | Orb.
     0 | D:1      | Reached XP level 1. HP: 19/19 MP: 0/0
    72 | D:1      | Reached XP level 2. HP: 23/27 MP: 1/1
   684 | D:2      | Reached XP level 3. HP: 29/33 MP: 2/2
  1165 | D:2      | Noticed Robin
  1179 | D:2      | Killed Robin
  1180 | D:2      | Reached XP level 4. HP: 37/40 MP: 3/3
  1735 | D:3      | HP: 2/40 [orc priest/divine providence (7)]
  1748 | D:2      | Killed from afar by an orc wizard

Illustrated notes

Levels and vault maps discovered:
D:1:      lightli_arrival_noodles, layout_loops_ring, minmay_tetromino_s2
D:2:      layout_basic, minmay_misc_feat_ornament, minmay_pentomino_pile,
          uniq_robin
D:3:      layout_loops_ring, nicolae_titane

Skill      XL: |  1  2  3  4 |
---------------+-------------+-----
Maces & Flails | 3 4 |  4.2
Fighting       | 4 |  4.3
Armour         | 4 |  4.3
Shields        | 4 |  4.4

Action                     |  1- 3 |  4- 6 || total
---------------------------+-------+-------++-------
  Melee: Flail             |    82 |    35 ||   117
         Headbutt          |    11 |     3 ||    14
    Use: Scroll            |     2 |       ||     2
         Potion            |       |     1 ||     1
 Armour: Scale mail        |    48 |    67 ||   115
  Dodge: Dodged            |    35 |    21 ||    56
  Block: Buckler           |    16 |     3 ||    19

Table legend: (Time is in decaauts)
 A = Elapsed time spent in this place.
 B = Non-inter-level travel time spent in this place.
 C = Inter-level travel time spent in this place.
 D = Time resting spent in this place.
 E = Time spent auto-exploring this place.
 F = Levels seen in this place.
 G = Mean time per level.
                   A        B        C        D        E       F      G
               +--------+--------+--------+--------+--------+-----+--------+
         Total |   1780 |   1737 |     43 |    110 |   1239 |   3 |  593.3 |
       Dungeon |   1780 |   1737 |     43 |    110 |   1239 |   3 |  593.3 |
               +--------+--------+--------+--------+--------+-----+--------+

Top non-repeatable levels by time:
     D:2: 1075 daAuts
     D:1: 691 daAuts
     D:3: 13 daAuts
